Cogmind - Beta 13 @@@ ROGUE MODE // 2024.04.20 @ 12:50:50 Player: Khoroshiy Result: Destroyed by Y-45 Defender with Beam Rifle Performance ------------- Evolutions (1) 500 Regions Visited (3) 600 Robots Destroyed (15) 75 Value Destroyed (446) 446 Prototype IDs (2) 40 Alien Tech Used (0) 0 Bonus (0) 0 TOTAL SCORE: 1661 Bonus ------- None Cogmind --------- Core Integrity 0/400 Matter 208/300 Energy 99/100 System Corruption 2% Temperature Cool (9) Movement Core (50) Location -9/Storage Parts ------- > --- POWER (1) -------- (None) > --- PROPULSION (2) --- (None) > --- UTILITY (3) ------ ECM Suite > --- WEAPON (3) ------- (None) > --- INVENTORY (5) ---- ECM Suite Peak State ------------ > --- POWER ------------ Light Ion Engine > --- PROPULSION ------- Aluminum Leg Aluminum Leg > --- UTILITY ---------- ECM Suite ECM Suite ECM Suite > --- WEAPON ----------- Assault Rifle Light Assault Rifle Grenade Launcher > --- INVENTORY -------- Aluminum Leg [Rating: 9] Favorites ----------- Power Light Ion Engine Engine Light Ion Engine Propulsion Aluminum Leg Leg Aluminum Leg Utility ECM Suite Device ECM Suite Storage Medium Storage Unit Weapon Assault Rifle Ballistic Gun Assault Rifle Launcher Grenade Launcher Build | -11 -10 -9 -9 ------- Run | Yrd Mat Mat Sto Slots Evolved 2 | . . 2 . Power . | . . . . Propulsion . | . . . . Utility 1 | . . 1 . Weapon 1 | . . 1 . Parts Attached 15 | 5 1 9 . Power 3 | 1 . 2 . Engine 3 | 1 . 2 . Core . | . . . . Reactor . | . . . . Propulsion 3 | 2 . 1 . Treads . | . . . . Leg 3 | 2 . 1 . Wheel . | . . . . Hover . | . . . . Flight . | . . . . Utility 4 | . . 4 . Device 3 | . . 3 . Storage 1 | . . 1 . Processor . | . . . . Hackware . | . . . . Protection . | . . . . Artifact . | . . . . Weapon 5 | 2 1 2 . Energy Gun . | . . . . Energy Cannon . | . . . . Ballistic Gun 3 | 2 . 1 . Ballistic Cannon . | . . . . Launcher 2 | . 1 1 . Special Weapon . | . . . . Impact Weapon . | . . . . Slashing Weapon . | . . . . Piercing Weapon . | . . . . Special Melee Weapon . | . . . . Unidentified Prototypes . | . . . . Parts Lost 10 | . . 10 . Power 2 | . . 2 . Propulsion 3 | . . 3 . Utility 1 | . . 1 . Weapon 4 | . . 4 . Highest Loss Streak 4 | . . 4 . To Critical Strikes . | . . . . Average Slot Usage (%) 60 | . 71 68 11 Engine 8 | . 14 7 . Leg 17 | . 28 17 . Device 13 | . . 21 11 Storage 2 | . . 4 . Ballistic Gun 9 | . 17 8 . Launcher 7 | . 10 8 . Naked Turns . | . . . . Heaviest Build 23 | 6 8 23 2 Greatest Support 20 | 20 20 20 3 Greatest Overweight (x) 4 | . . 4 . Average Overweight (x) . | . . . . Largest Inventory Capacity 10 | 5 5 10 5 Average Capacity 6 | 5 5 7 5 Most Carried 3 | 1 2 3 1 Average Carried 1 | . 1 1 1 Final Capacity 5 | 5 5 5 5 Final Carried 2 | 1 2 1 1 Class Distribution -------------------- 84% | Mutant 15% | Gunner Dominant Class ---------------- Mutant | -10/Materials Mutant | -9/Materials Mutant | -9/Storage Resources | -11 -10 -9 -9 ----------- Run | Yrd Mat Mat Sto Matter Collected 450 | 246 129 75 . Remotely . | . . . . Salvage Created 394 | 31 161 202 . Parts 35 | 2 15 18 . Haulers Intercepted . | . . . . Recyclers Shooed 1 | . . 1 . Parts Field Recycled . | . . . . Retrieved Matter . | . . . . Parts Self-Destructed . | . . . . Prevented . | . . . . Kills | -11 -10 -9 -9 ------- Run | Yrd Mat Mat Sto Combat Hostiles Destroyed 12 | 1 7 4 . Guns 5 | 1 2 2 . AOE 6 | . 5 1 . Classes Destroyed 5 | 1 2 2 . Worker 1 | . . 1 . Watcher 2 | . 1 1 . Swarmer 2 | . 2 . . Grunt 7 | 1 5 1 . Sentry 3 | . . 3 . Best Kill Streak 3 | 1 3 3 . Combat Bots Only 3 | 1 3 1 . Max Kills in Single Turn 2 | 1 2 1 . Gunslinging . | . . . . Exploded 2 | . 2 1 . Melee . | . . . . Uniques/NPCs Destroyed . | . . . . Combat | -11 -10 -9 -9 -------- Run | Yrd Mat Mat Sto Hostile Shots Fired 141 | 1 35 86 19 Missed 50 | . 16 27 7 Damage Taken 1225 | 11 209 794 211 Core 473 | 11 51 216 195 Absorbed by Shields . | . . . . Core Remaining (%) 85 | 95 75 . . Volleys Fired 38 | 1 14 23 . Largest 3 | 2 2 3 . Hottest 70 | 40 50 70 . Shots Fired 72 | 2 28 42 . Gun 50 | 2 21 27 . Cannon . | . . . . Launcher 22 | . 7 15 . Special . | . . . . Kinetic 50 | 2 21 27 . Thermal . | . . . . Explosive 13 | . 7 6 . Electromagnetic 9 | . . 9 . Robot Hit Streak 8 | 1 5 8 . Robot Miss Streak 4 | . 4 3 . Penetration Max . | . . . . Secondary Targets 1 | . 1 . . Max Gunslinging Chain 1 | . 1 . . Shots Hit Robots 37 | 1 12 24 . Core Hits 26 | 1 9 14 2 Critical Kills . | . . . . Critical Parts Destroyed 1 | . 1 . . Critical Strikes 1 | . 1 . . Destroy 1 | . 1 . . Melee Attacks . | . . . . Impact . | . . . . Slashing . | . . . . Piercing . | . . . . Sneak Attacks . | . . . . Combat Hostiles . | . . . . Follow-up Attacks . | . . . . Damage Inflicted 947 | 29 412 493 13 Guns 232 | 15 79 138 . Cannons . | . . . . Explosions 680 | . 333 347 . Melee . | . . . . Ramming 35 | 14 . 8 13 Kinetic 232 | 15 79 138 . Thermal . | . . . . Explosive 484 | . 333 151 . Electromagnetic 196 | . . 196 . Impact . | . . . . Slashing . | . . . . Piercing . | . . . . Highest Corruption 2 | . . 1 2 Average Corruption 1 | . . 1 1 Corruption Purged . | . . . . Corruption Blocked . | . . . . Effects 1 | . . . 1 Message Errors 1 | . . . 1 Overload Shots . | . . . . Overflow Damage . | . . . . Projectiles . | . . . . Explosions . | . . . . Melee . | . . . . Knockbacks . | . . . . Impact . | . . . . Kinetic . | . . . . Secondary . | . . . . Self-Inflicted Damage 116 | . 50 61 5 Shots 6 | . 3 3 . Rammed 4 | . . . 4 Targets Rammed 10 | 3 . 3 4 Kicked 6 | 3 . 3 . Crushed . | . . . . Highest Temperature 6 | 6 2 6 . Average Temperature 2 | 6 2 2 . Received Heat Transfer 378 | 6 30 258 84 Siege Activations . | . . . . Robots Corrupted 1 | . . 1 . Combat Hostiles 1 | . . 1 . Parts Fried 1 | . . 1 . Impact Corruptions . | . . . . Robots Melted . | . . . . Combat Hostiles . | . . . . Parts Melted . | . . . . Heat Transferred . | . . . . Parts Sabotaged . | . . . . Parts Stolen . | . . . . Parts Stripped . | . . . . Power Chain Reactions . | . . . . Alert | -11 -10 -9 -9 ------- Run | Yrd Mat Mat Sto Peak Influence 287 | 20 287 251 105 Initial 120 | . 13 120 18 Average 141 | 2 167 173 55 Maximum Alert Level 1 | . 1 1 . Low Security (%) 64 | 100 72 46 100 Level 1 35 | . 27 53 . Level 2 . | . . . . Level 3 . | . . . . Level 4 . | . . . . Level 5 . | . . . . High Security . | . . . . Max Security . | . . . . Squads Dispatched 4 | . 2 1 1 Investigation 3 | . 2 . 1 Extermination . | . . . . Reinforcement 1 | . . 1 . Assault . | . . . . Garrison . | . . . . Intercept . | . . . . Searches Triggered . | . . . . Construction Impeded 1 | . . 1 . Haulers Reinforced . | . . . . Active Scanning Responses . | . . . . Cargo Convoy Interrupts . | . . . . Stealth | -11 -10 -9 -9 --------- Run | Yrd Mat Mat Sto Distress Signals 2 | . . 2 . Communications Jammed . | . . . . Distress Signals . | . . . . Times Spotted 37 | 1 11 16 9 Peak Tracking Total 9 | 1 4 8 9 Tactical Retreats 7 | . 1 4 2 Traps | -11 -10 -9 -9 ------- Run | Yrd Mat Mat Sto Traps Triggered 1 | . . . 1 Indirectly . | . . . . Trap Hack Attempts . | . . . . Triggered . | . . . . Disarmed . | . . . . Reprogrammed . | . . . . Reused . | . . . . Traps Extracted . | . . . . Installed . | . . . . Triggered . | . . . . Machines | -11 -10 -9 -9 ---------- Run | Yrd Mat Mat Sto Machines Disabled 2 | . 1 1 . Max in Single Turn 1 | . 1 1 . Machines Repaired . | . . . . Machines Dismantled . | . . . . Machines Sabotaged . | . . . . Overloaded Fab Kills . | . . . . Hacking | -11 -10 -9 -9 --------- Run | Yrd Mat Mat Sto Machines Accessed 4 | . 2 1 1 Terminals 4 | . 2 1 1 Fabricators . | . . . . Repair Stations . | . . . . Recycling Units . | . . . . Scanalyzers . | . . . . Garrison Access . | . . . . Total Hacks 11 | . 4 2 5 Successful 3 | . . . 3 Failed 8 | . 4 2 2 Catastrophic 3 | . 2 1 . Database Lockouts . | . . . . Manual . | . . . . Terminals 11 | . 4 2 5 Fabricators . | . . . . Repair Stations . | . . . . Recycling Units . | . . . . Scanalyzers . | . . . . Garrison Access . | . . . . Terminal Hacks 3 | . . . 3 Prototype ID Bank 1 | . . . 1 Surveillance Status 1 | . . . 1 Zone Layout 1 | . . . 1 Fabricator Hacks . | . . . . Repair Station Hacks . | . . . . Recycling Unit Hacks . | . . . . Scanalyzer . | . . . . Garrison Access Hacks . | . . . . Unauthorized Hacks . | . . . . Terminals . | . . . . Fabricators . | . . . . Repair Stations . | . . . . Recycling Units . | . . . . Scanalyzers . | . . . . Garrison Access . | . . . . Data Cores Recovered . | . . . . Used . | . . . . Hacking Detections 4 | . 2 1 1 Full Trace Events 4 | . 2 1 1 Feedback Events . | . . . . Feedback Blocked . | . . . . Robot Schematics Acquired . | . . . . Robots Built . | . . . . Authchips . | . . . . Time . | . . . . Total Robot Build Rating . | . . . . Part Schematics Acquired . | . . . . Parts Built . | . . . . Authchips . | . . . . Time . | . . . . Total Part Build Rating . | . . . . Parts Repaired . | . . . . Time . | . . . . Parts Recycled . | . . . . Recycled Matter . | . . . . Retrieved Matter . | . . . . Retrieved Components . | . . . . Parts Scanalyzed . | . . . . Part Schematics Acquired . | . . . . Parts Damaged . | . . . . Bothacking | -11 -10 -9 -9 ------------ Run | Yrd Mat Mat Sto Used RIF Installer . | . . . . Robots Hacked . | . . . . Non-combat . | . . . . Combat . | . . . . Robot Hacks Applied . | . . . . Relay Couplers Released . | . . . . Fabnet Peak Effective % . | . . . . Robots Rewired . | . . . . Allies Hacked . | . . . . Hacks Repelled . | . . . . Allies | -11 -10 -9 -9 -------- Run | Yrd Mat Mat Sto Total Allies . | . . . . Largest Group . | . . . . Highest-Rated Group . | . . . . Highest-Rated Ally . | . . . . Total Orders . | . . . . Ally Attacks . | . . . . Total Damage . | . . . . Kills . | . . . . Allies Corrupted . | . . . . Allies Melted . | . . . . Intel | -11 -10 -9 -9 ------- Run | Yrd Mat Mat Sto Robot Analysis Total . | . . . . Derelict Logs Recovered . | . . . . Drone Launches . | . . . . Drone Recoveries . | . . . . Exploration | -11 -10 -9 -9 ------------- Run | Yrd Mat Mat Sto Turns Passed 904 | 71 230 476 127 Spaces Moved 712 | 55 156 256 245 Core 283 | 13 . 25 245 Treads . | . . . . Legs 429 | 42 156 231 . Wheels . | . . . . Hover . | . . . . Flight . | . . . . Fastest Speed 50 | 50 120 50 50 Average Speed 103 | 103 120 144 50 Slowest Speed 250 | 120 120 250 50 Overloaded Moves . | . . . . Propulsion Burnouts . | . . . . Robots Hopped . | . . . . Cave-ins Triggered . | . . . . Exploration Rate (%) 22 | 5 34 14 38 Regions Visited 3 Branch Regions 1 Pre-discovered Areas . | . . . . Known Exits Taken . | . . . . Unknown Exits Taken 3 | 1 1 1 . Scrap Searched . | . . . . Spaces Dug . | . . . . Terrain Destroyed 66 | . 36 30 . Melee . | . . . . Projectile . | . . . . AOE 66 | . 36 30 . Terrain Rammed . | . . . . Walls Destroyed . | . . . . Machines Disabled . | . . . . Actions | -11 -10 -9 -9 --------- Run | Yrd Mat Mat Sto Total 806 | 64 171 322 249 Wait 25 | . . 25 . Move 710 | 55 155 255 245 Hop . | . . . . Pick Up 7 | 1 1 5 . Fast Attach 7 | 5 . 2 . Attach 5 | . . 5 . Detach . | . . . . Swap 3 | . 1 2 . Drop 2 | . . 2 . Fire 38 | 1 14 23 . Melee . | . . . . Ram 4 | . . . 4 Kick 5 | 2 . 3 . Crush . | . . . . Escape Stasis . | . . . . Rewire . | . . . . Trap . | . . . . Miscellaneous . | . . . . Route ------- -11/Scrapyard -10/Materials -9/Materials -9/Storage History --------- Turn | Location | Event 2 | -11/Scrapyard | Met Revision 17 57 | -11/Scrapyard | Discovered new exit (range 8) 72 | -11/Scrapyard | Entered Materials 273 | -10/Materials | Discovered new exit (range 11) 302 | -10/Materials | Entered another Materials area 302 | -9/Materials | Evolved 2 slots: Utility x1, Weapon x1 484 | -9/Materials | Lost 3 parts (1n2w) 536 | -9/Materials | Discovered new exit (range 16) 736 | -9/Materials | Build established: Mutant 770 | -9/Materials | Core integrity fell below 50% 778 | -9/Materials | Entered Storage 803 | -9/Storage | Lost 4 parts (1p1n1u1w) 896 | -9/Storage | Core integrity fell below 20% 905 | -9/Storage | Destroyed by Y-45 Defender with Beam Rifle Last Messages --------------- K-01 Serf collects debris. DADQIX&U/0FFLJP Connecting with Terminal... >>Layout(Zone) Retrieving Zone 9U layout... Downloaded map data. >>Prototypes Downloading prototype IDs... Hvy. Ion Engine Imp. EM Shotgun >>Enumerate(Surveillance) Retrieving latest reported positions... Found 2 active surveillance squads. Downloaded coordinate data. ALERT: Suspicious activity at Terminal S010. Dispatching Investigation squad. Slammed into Y-45 Defender. Critical hit (Burn: +37). Slammed into W-16 Scout. Map ----- +----------------------------------------------------+ | ?" # #??????????????????????????????????????? | | "" + ############???????# ???????????? | | " # #???????????#######?#???????????? | | ### #?????????????????# #???????????? | | #?# #?????????????????# ???????????? | | #+##?# #?????????????????###???????????? | | # #??# #?????????????????###???????????? | | ??# #?????????????????# ???????????? | | #?????????????????#""???????????? | | ########### #?????????????????#""???????????? | | +###?????????# #?????????????????#""???????????? | | ?????????????# #?????????????????# ???????????? | | ?????????????# #?????????????????###???????????? | | ?????######### #???????????????????#???????????? | | ?????""" # #??#####????????????#???????????? | | ???# "Y" # ####"""#????????????#???????????? | | ???# ! # ## #"T"###??????????#???????????? | | ???# + ## #??????????#???????????? | | ???# """ """ # ## #????????###???????????? | | ???????" """ # ## """"" #????????# ???????????? | | ???????" """ # ## """""Y#????????# ???????????? | | ??????? # ## """"" #????????# ???????????? | | ??????###+#### ## g wY#????????# #???????????? | | ??????# ### ## """"" #?????####+#???????????? | | ??????+ ## """"" #?????# ???????????? | | ??????# ## """""@#?????# ???????????? | | ??????# ### ## #?????# ???????????? | | ??????## ##?# ## ####### ???????????? | | ???????# #??# #####+#### # ???????????? | | ???????# #??# # ???????????? | | ???????# #??# /! ???????????? | | ???????# #??# # !% ???????????? | | ?????????????#########+#### #????????????????? | | ????????????????????????????#+###????????????????? | | ?????????????????????????????????????????????????? | | ?????????????????????????????????????????????????? | | ?????????????????????????????????????????????????? | | ?????????????????????????????????????????????????? | | ?????????????????????????????????????????????????? | | ?????????????????????????????????????????????????? | | ?????????????????????????????????????????????????? | | ?????????????????????????????????????????????????? | | ?????????????????????????????????????????????????? | | ?????????????????????????????????????????????????? | | ?????????????????????????????????????????????????? | | | | | | | | | | | +----------------------------------------------------+ Best States ------------- Heat Dissipation 28 Energy Generation 10 Energy Capacity 250 Matter Stores 300 Matter Capacity 300 Sight Range 16 Terrain Scan Density 10 ECM Strength 2 Evasion (%) 55 Item Schematics ----------------- None Robot Schematics ------------------ None Fabricated ------------ Nothing Alien Tech Used ----------------- None Achievements -------------- Power Corrupts Challenges ------------ None Game ------ Seed SchematicBeamBank Manual? 0 Play Time 00:14:57 Cumulative 0.9 hours Start 2024.04.20 @ 11:49:07 End 2024.04.20 @ 12:50:50 Sessions 1 Manual Loads 0 Difficulty Rogue Special Mode None Game No. 2 Rogue 2 Adventurer 0 Explorer 0 Win Type - Total 0 Types 0/0/0/0/0/0/0/0/0 Lore% 0 Gallery% 3 Achievement% 5 Wizard Run 0 Options --------- Layout 1 ASCII 0 Keyboard 0 Movement Arrows Keybinds 0 Fullscreen 1 Font 16/SmallcapsGlow Map View 55x38 Zoom Use 0% Tactical HUD 0 Map Filters NONE Filters NONE Steam 0 RUN: d3269493-d2e9-4dc5-8ad0-18ad46550b16